 Dungeon Crawl Stone Soup version 0.30-a0-870-gc5d4c5acee (webtiles) character file.

Game seed: 6076834478943219573

2392 jasper the Reanimator (level 9, -1/58 (59) HPs)
             Began as a Demonspawn Necromancer on Mar 11, 2023.
             Was a Follower of Sif Muna.
             Slain by a wight
             ... wielding a +5 long sword
              (10 damage)
             ... on level 8 of the Dungeon.
             The game lasted 00:17:23 (7728 turns).

jasper the Reanimator (Demonspawn Necromancer)      Turns: 7728, Time: 00:17:23

HP:   -1/58 (59)    AC:  5    Str:  8    XL:     9   Next: 22%
MP:   3/15          EV: 12    Int: 27    God:    Sif Muna [*.....]
Gold: 375           SH:  0    Dex: 14    Spells: 3/16 levels left

rFire   . . .      SeeInvis .    c - staff of earth
rCold   . . .      Faith    .    (no shield)
rNeg    . . .      Spirit   .    G - +0 steam dragon scales
rPois   .          Reflect  .    (helmet restricted)
rElec   .          Rampage  .    (no cloak)
rCorr   .                        (no gloves)
Will    .....                    (no boots)
Stlth   ++                       k - amulet of regeneration
HPRegen 1.09/turn                i - +6 ring of intelligence
MPRegen 0.14/turn                (no ring)

@: lethally poisoned (-1 -> -1), animating dead, very slightly contaminated,
lightly drained
A: horns 2, ignite blood 1, demonic magic 1, weakness stinger 1
a: Renounce Religion, Channel Magic


You were on level 8 of the Dungeon.
You worshipped Sif Muna.
Sif Muna was aware of your devotion.
You visited 2 branches of the dungeon, and saw 9 of its levels.

You collected 1276 gold pieces.
You spent 901 gold pieces at shops.

Inventory:

Hand Weapons
 g - a +0 club
 j - a +0 mace
 l - a +0 long sword
 p - a +0 dagger
 x - a +0 rapier
Missiles
 m - 63 stones
 B - 2 throwing nets
Armour
 a - a +0 robe
 G - +0 steam dragon scales (worn)
Magical Staves
 c - a staff of earth (weapon)
Jewellery
 i - a +6 ring of intelligence (left hand)
 k - an amulet of regeneration (around neck)
 q - a ring of ice
 w - an amulet of the acrobat
 L - a +6 ring of strength
Wands
 y - a wand of quicksilver (5)
 E - a wand of flame (21)
 F - a wand of charming (7)
Scrolls
 d - 6 scrolls of teleportation
 h - 2 scrolls of amnesia
 A - 2 scrolls of vulnerability
 C - a scroll of fog
 D - 2 scrolls of magic mapping
 H - a scroll of noise
 K - a scroll of enchant weapon {unknown}
Potions
 b - 3 potions of magic
 e - 2 potions of brilliance
 f - 2 potions of haste
 n - 2 potions of degeneration
 o - 3 potions of invisibility
 r - a potion of cancellation
 s - 2 potions of might
 t - 2 potions of curing
 u - 2 potions of berserk rage {unknown}
 v - a potion of resistance
 z - a potion of heal wounds
 I - a potion of mutation {unknown}
 J - 2 potions of lignification


   Skills:
 + Level 1.5 Fighting
 + Level 2.4 Dodging
 - Level 1.7 Stealth
 + Level 4.4 Spellcasting
 - Level 6.0 Conjurations
 - Level 9.0 Necromancy
 - Level 5.0 Earth Magic
 * Level 3.2 Invocations


You had 3 spell levels left.
You knew the following spells:

 Your Spells              Type           Power      Damage    Failure   Level
a - Necrotise             Necr           100%       1d9       1%          1
b - Vampiric Draining     Necr           53%        2d9       1%          3
c - Animate Dead          Necr           53%        N/A       1%          4
d - Stone Arrow           Conj/Erth      100%       3d13      2%          3
e - Passwall              Tmut/Erth      24%        N/A       4%          2

Your spell library contained the following spells:

 Spells                   Type           Power      Damage    Failure   Level
 Sandblast                Erth           98%        2d20      1%          1
 Sublimation of Blood     Necr           53%        N/A       1%          2
 Wereblood                Tmut           5%         N/A       12%         2
 Agony                    Necr           53%        N/A       5%          5
 Summon Hydra             Summ           2%         N/A       100%        7


Dungeon Overview and Level Annotations

Branches:
Dungeon (8/15)             Temple (1/1) D:6
   Lair: D:8-11

Altars:
Ashenzari
Cheibriados
Dithmenos
Fedhas
Hepliaklqana
Kikubaaqudgha
Makhleb
Nemelex Xobeh
Qazlal
Sif Muna
Trog
Wu Jian
Xom

Shops:
D:7 *(*((


Innate Abilities, Weirdness & Mutations

You have a pair of horns on your head.
Your demonic aura sometimes causes spilled blood to erupt in flames.
Spells you cast may paralyse adjacent enemies.
You have a small tail.


Message History

A goblin comes into view. It is wielding a +0 spear.
The hornet barely misses you.
The orc is engulfed in blazing flames.
You kill the orc!
Sif Muna accepts your kill.
The dead are walking!
You take 14 damage, and have 36/59 hp.
MASSIVE DAMAGE!!
Aiming: Quicksilver Bolt
Press: ? - help, Shift-Dir - straight line, f/p - hornet
Aim: a hornet (almost dead, ally target, 57% to hit)
The bolt of dispelling energy hits the hornet!
You kill the hornet!
Sif Muna accepts your kill.
The dead are flying!
You feel very sick.
Your orc zombie is engulfed in blazing flames.
You destroy your orc zombie!
The wight hits you with a +5 dagger.
You feel drained.
Your life force feels restored.
Your Invocations skill increases to level 3!
You take 6 damage, and have 30/59 hp.
Aiming: Quicksilver Bolt
Press: ? - help, Shift-Dir - straight line, f - wight
Aim: a wight, wielding a +5 dagger and wearing a +0 robe (ally target, 71% to hit)
The bolt of dispelling energy hits the wight!
The wight is heavily damaged.
You feel sick. The wight hits you with a +5 dagger!
You feel drained.
You take 12 damage, and have 18/58 hp.
MASSIVE DAMAGE!!
Aiming: Quicksilver Bolt
Press: ? - help, Shift-Dir - straight line, f/p - wight
Aim: a wight, wielding a +5 dagger and wearing a +0 robe (heavily damaged, ally target, 71% to hit)
The bolt of dispelling energy misses the wight.
You feel yourself speed up.
You feel sick.
A goblin comes into view. It is wielding a +0 spear.
The wight hits you with a +5 dagger.
* * * LOW HITPOINT WARNING * * *
The wight hits you with a +5 dagger.
* * * LOW HITPOINT WARNING * * *
The wight hits you with a +5 long sword!
You die...

#....##.. .........?.
#........
...........###... #..
.##.......#..#.##.. #.
...$.....#........####.
.##.....?.#.........##..
.g....).................
......zZz.....#####.##..
#.g.@............###.
#.......)........# #.
#.....#........)..## #.
####...[.........## ###
##............# ##..
#...............#...
#.............<.####.
###.####.#....### #. ##
###.....# ##


You could see 2 wights, 2 goblins and a friendly hornet zombie.

Vanquished Creatures
  A hornet (D:8)
  Eustachio (D:4)
  A steam dragon (D:7)
  2 ice beasts
  2 black bears (D:6)
  An ogre (D:5)
  2 centaurs
  A phantom (D:4)
  3 bullfrogs
  2 scorpions (D:5)
  A gnoll sergeant (D:5)
  4 wights
  3 hounds
  A sleepcap (D:7)
  An iguana (D:6)
  2 orc priests (D:4)
  7 orc wizards
  12 gnolls
  4 adders
  2 white imps
  An ufetubus (D:5)
  2 dart slugs
  22 orcs
  3 endoplasms
  3 giant cockroaches
  2 hobgoblins
  4 jackals
  2 quokkas
  5 ball pythons
  2 bats (D:1)
  3 frilled lizards
  2 goblins (D:1)
  7 kobolds
  An orc zombie (D:8)
  4 rats
116 creatures vanquished.

Vanquished Creatures (collateral kills)
  An orc priest (D:5)
  2 orcs (D:5)
  A frilled lizard (D:1)
4 creatures vanquished.

Vanquished Creatures (others)
  A scorpion zombie (D:5)
  A jackal zombie (D:5)
  3 orc zombies (D:5)
5 creatures vanquished.

Grand Total: 125 creatures vanquished

Notes
Turn   | Place    | Note
-------+----------+-------------------------------------------
     0 | D:1      | jasper the Demonspawn Necromancer began the quest for the
                  | Orb.
     0 | D:1      | Reached XP level 1. HP: 13/13 MP: 3/3
   322 | D:1      | Found a faded altar of an unknown god.
   331 | D:1      | Discovered your monstrous ancestry.
   331 | D:1      | Gained mutation: You have a small tail. [demonic ancestry]
   331 | D:1      | Reached XP level 2. HP: 19/19 MP: 3/5
   420 | D:1      | Reached skill level 5 in Necromancy
  1305 | D:2      | Gained mutation: Spells you cast may paralyse adjacent
                  | enemies. [demonic ancestry]
  1305 | D:2      | Reached XP level 3. HP: 24/24 MP: 2/6
  1309 | D:2      | Learned a level 3 spell: Vampiric Draining
  2244 | D:3      | Reached skill level 6 in Necromancy
  2244 | D:3      | Gained mutation: You have a pair of small horns on your
                  | head. [demonic ancestry]
  2244 | D:3      | Reached XP level 4. HP: 23/30 MP: 3/7
  2561 | D:4      | Noticed Eustachio
  2570 | D:4      | Killed Eustachio
  2571 | D:4      | Reached skill level 7 in Necromancy
  2571 | D:4      | Reached XP level 5. HP: 32/35 MP: 1/8
  2819 | D:4      | Reached skill level 8 in Necromancy
  2819 | D:4      | Reached XP level 6. HP: 13/41 MP: 3/9
  3252 | D:4      | Learned a level 4 spell: Animate Dead
  3395 | D:4      | Reached skill level 9 in Necromancy
  3566 | D:4      | Found a shimmering altar of Xom.
  3899 | D:5      | Entered Level 5 of the Dungeon
  3948 | D:5      | Gained mutation: You have a pair of horns on your head.
                  | [demonic ancestry]
  3948 | D:5      | Reached XP level 7. HP: 44/46 MP: 4/11
  4074 | D:5      | Learned a level 3 spell: Stone Arrow
  4077 | D:5      | Learned a level 2 spell: Passwall
  4107 | D:5      | Reached skill level 1 in Conjurations
  4150 | D:5      | Reached skill level 1 in Earth Magic
  4968 | D:5      | Reached XP level 8. HP: 52/52 MP: 3/14
  5101 | D:6      | Found a staircase to the Ecumenical Temple.
  5109 | Temple   | Entered the Ecumenical Temple
  5152 | Temple   | Became a worshipper of Sif Muna the Loreminder
  5798 | D:6      | Identified a scroll of acquirement
  5798 | D:6      | Acquired 824 gold pieces
  5994 | D:7      | Found Konokiv's Assorted Antiques.
  5997 | D:7      | Bought a viscous white potion for 27 gold pieces
  5997 | D:7      | Bought a scroll of teleportation for 93 gold pieces
  5997 | D:7      | Bought a scroll of fog for 124 gold pieces
  5997 | D:7      | Bought a potion of invisibility for 248 gold pieces
  5997 | D:7      | Bought a shiny fluorescent wand for 124 gold pieces
  6015 | D:7      | Found Lazec's Weapon Emporium.
  6111 | D:7      | Reached skill level 5 in Conjurations
  6305 | D:7      | Reached skill level 5 in Earth Magic
  6533 | D:7      | Found Hosof's General Store.
  6547 | D:7      | Bought 3 scrolls of teleportation for 135 gold pieces
  6547 | D:7      | Bought a potion of haste for 150 gold pieces
  6573 | D:7      | Found Vush's Antique Weapon Emporium.
  6678 | D:7      | Reached * piety under Sif Muna
  6801 | D:7      | Found Zorohaen's Weapon Emporium.
  6898 | D:7      | Reached skill level 1 in Invocations
  6898 | D:7      | Gained mutation: Your demonic aura sometimes causes spilled
                  | blood to erupt in flames. [demonic ancestry]
  6898 | D:7      | Reached XP level 9. HP: 58/58 MP: 2/15
  7575 | D:8      | Reached skill level 1 in Fighting
  7728 | D:8      | Slain by a wight

Illustrated notes

Levels and vault maps discovered:
D:1:      erik_arrival_blinker_ship, layout_loops_ring,
          ebering_ecumenical_altar_mist
D:2:      layout_loops_ring, minmay_misc_feat_doors
D:3:      layout_rooms
D:4:      layout_gridville, overflow_temple_1_default, uniq_eustachio
D:5:      layout_basic, grunt_decor_cap
D:6:      layout_gridville, minmay_temple_entry_gardened_gates
D:7:      layout_gridville, lemuel_doored_altar, serial_shops, kennysheep_mini,
          shop, nicolae_shop_crystal, nicolae_shop_statue_plus,
          nicolae_shop_temple_entry_statues_fountains
D:8:      layout_cave_pools, serial_shops, shop, enter_bailey_5,
          kennysheep_opposing_triangles
Temple:   eino_temple_lava

Skill      XL: |  1  2  3  4  5  6  7  8  9 |
---------------+----------------------------+-----
Necromancy     | 5 6 7 8 9 |  9.0
Spellcasting   | 4 |  4.4
Conjurations   | 3 6 |  6.0
Earth Magic    | 2 5 |  5.0
Dodging        | 2 |  2.4
Invocations    | 1 3 |  3.2
Fighting       | 1 |  1.5
Stealth        | |  1.7

Action                     |  1- 3 |  4- 6 |  7- 9 || total
---------------------------+-------+-------+-------++-------
  Melee: Dagger            |     4 |     5 |       ||     9
         Tailslap          |     1 |     7 |     6 ||    14
         Rapier            |       |    44 |    30 ||    74
         Headbutt          |       |     5 |     7 ||    12
         Staff             |       |       |    12 ||    12
   Cast: Necrotise         |    62 |    23 |    31 ||   116
         Vampiric Draining |       |     5 |     9 ||    14
         Animate Dead      |       |     3 |     1 ||     4
         Stone Arrow       |       |       |    56 ||    56
  Evoke: Wand              |       |       |     6 ||     6
    Use: Scroll            |     6 |     5 |     6 ||    17
         Potion            |       |     2 |     1 ||     3
   Stab: Paralysed         |     4 |    17 |    19 ||    40
         Sleeping          |       |       |     1 ||     1
 Armour: Robe              |     1 |     4 |     2 ||     7
         Skin              |       |    16 |       ||    16
         Steam dragon scal |       |       |     4 ||     4
  Dodge: Dodged            |     5 |    37 |    40 ||    82

Table legend: (Time is in decaauts)
 A = Elapsed time spent in this place.
 B = Non-inter-level travel time spent in this place.
 C = Inter-level travel time spent in this place.
 D = Time resting spent in this place.
 E = Time spent auto-exploring this place.
 F = Levels seen in this place.
 G = Mean time per level.
                   A        B        C        D        E       F      G
               +--------+--------+--------+--------+--------+-----+--------+
         Total |   7744 |   7444 |    300 |    494 |   5942 |   9 |  860.4 |
       Dungeon |   7693 |   7399 |    294 |    494 |   5942 |   8 |  961.6 |
        Temple |     50 |     44 |      6 |      0 |      0 |   1 |   50.0 |
               +--------+--------+--------+--------+--------+-----+--------+

Top non-repeatable levels by time:
     D:7: 1482 daAuts
     D:4: 1433 daAuts
     D:5: 1188 daAuts
     D:1: 922 daAuts
     D:2: 859 daAuts
     D:6: 848 daAuts
     D:3: 687 daAuts
     D:8: 270 daAuts
  Temple: 50 daAuts
